 Dungeon Crawl Stone Soup version 0.22-a0-240-g539252a (webtiles) character file.

47 wolfsongas the Skirmisher (level 3, -1/52 HPs)
             Began as a Gnoll Wanderer on Feb 22, 2018.
             Slain by azzazzello's ghost (4 damage)
             ... on level 3 of the Dungeon.
             The game lasted 00:02:58 (1807 turns).

wolfsongas the Skirmisher (Gnoll Wanderer)          Turns: 1807, Time: 00:02:58

Health: -1/52      AC: 21    Str: 16    XL:     3   Next: 70%
Magic:  4/4        EV:  2    Int: 22    God:
Gold:   75         SH:  0    Dex: 10    Spells: 3/3 levels left

rFire    . . .     SeeInvis .   a - +2 mace
rCold    . . .     Gourm    .   (no shield)
rNeg     + + +     Faith    .   (armour currently unavailable)
rPois    +         Spirit   .   (helmet currently unavailable)
rElec    .         Reflect  .   (cloak currently unavailable)
rCorr    .         Harm     .   (gloves currently unavailable)
MR       .....     NoTele   +   (boots currently unavailable)
Stlth    +.........             (no amulet)
HPRegen  0.17/turn              (no ring)
MPRegen  0.09/turn              (no ring)

@: brilliant, lethally poisoned (-1 -> -3), tree-form
A: distributed training, strong nose
a: no special abilities


You were on level 3 of the Dungeon.
You were not hungry.
You were a tree.
You visited 1 branch of the dungeon, and saw 3 of its levels.

You collected 75 gold pieces.

Inventory:

Hand Weapons
 a - a +2 mace (weapon)
Armour
 k - a cursed +0 ring mail (melded)
 l - a +0 pair of gloves (melded)
Scrolls
 c - a scroll of remove curse
Potions
 b - 2 potions of lignification
Comestibles
 d - 3 rations


   Skills:
 + Level 6.5 Fighting
 + Level 0.9 Short Blades
 + Level 0.9 Long Blades
 + Level 2.6 Axes
 + Level 4.5 Maces & Flails
 + Level 0.9 Polearms
 + Level 0.9 Staves
 + Level 0.9 Slings
 + Level 0.9 Bows
 + Level 0.9 Crossbows
 + Level 2.6 Throwing
 + Level 4.5 Armour
 + Level 0.9 Dodging
 + Level 0.9 Stealth
 + Level 2.6 Shields
 + Level 0.9 Unarmed Combat
 + Level 0.9 Spellcasting
 + Level 0.6 Conjurations
 + Level 0.6 Hexes
 + Level 0.6 Charms
 + Level 0.6 Summonings
 + Level 0.6 Necromancy
 + Level 0.6 Translocations
 + Level 0.6 Transmutations
 + Level 0.6 Fire Magic
 + Level 0.6 Ice Magic
 + Level 0.6 Air Magic
 + Level 0.6 Earth Magic
 + Level 0.6 Poison Magic
 + Level 1.0 Invocations
 + Level 0.9 Evocations


You had 3 spell levels left.
You didn't know any spells.

Dungeon Overview and Level Annotations

Branches:
Dungeon (3/15)

Altars:
Qazlal

Annotations:
D:3 azzazzello's ghost, amateur GnWn


Innate Abilities, Weirdness & Mutations

Your experience applies equally to all skills.
((You have very sharp teeth.))
Your uncanny sense of smell can sniff out nearby items.


Message History

You feel less confused. The adder barely misses you.
The adder bites you but does no damage.
Azzazzello's ghost hits you but does no damage.
As you read the scroll labeled ETSOFO ETUIZ EZEMN, it crumbles to dust.
You hear a loud clanging noise!
It was a scroll of noise.
You feel sick.
You hear a shout! x4; You hear a bark!
You hear a shout! x2
The adder bites you but does no damage. Azzazzello's ghost hits you.
* * * LOW HITPOINT WARNING * * *
You hit azzazzello's ghost but do no damage.
Azzazzello's ghost is almost destroyed.
The adder bites you but does no damage.
Azzazzello's ghost hits you but does no damage.
The adder bites you.
* * * LOW HITPOINT WARNING * * *
A hobgoblin comes into view. It is wielding a mace.
You closely miss azzazzello's ghost.
Azzazzello's ghost is almost destroyed.
The adder barely misses you. Azzazzello's ghost hits you.
You die...

.# ..## % ##(#.#.#
######.....
###......... ...
....#
#.####g########
..####<.....♣W.....#
........###S######.#
.#####.....<.#
#.#####.# #. .# #.
.# #. .# .. .# #. .#


You could see azzazzello's ghost, an adder and a hobgoblin.

Vanquished Creatures
  An adder (D:2)
  3 leopard geckos (D:2)
  8 bats
  A giant cockroach (D:1)
  4 goblins
  2 hobgoblins
  3 frilled lizards
  6 kobolds
  8 rats
36 creatures vanquished.

Notes
Turn   | Place    | Note
-------+----------+-------------------------------------------
     0 | D:1      | wolfsongas the Gnoll Wanderer began the quest for the Orb.
     0 | D:1      | wolfsongas set off with: a +2 mace, 2 potions of lignification, a +0 robe, a ration
     0 | D:1      | Reached XP level 1. HP: 23/23 MP: 1/1
   241 | D:1      | Reached XP level 2. HP: 25/29 MP: 2/2
   896 | D:2      | Reached XP level 3. HP: 35/35 MP: 3/3
  1232 | D:2      | Noticed a water elemental
  1234 | D:2      | Found a stormy altar of Qazlal.
  1236 | D:2      | Noticed an air elemental
  1236 | D:2      | Noticed an earth elemental
  1236 | D:2      | Noticed a fire elemental
  1304 | D:2      | Reached skill level 1 in Invocations
  1751 | D:3      | Noticed azzazzello's ghost (amateur GnWn)
  1800 | D:3      | HP: 2/52 [azzazzello's ghost (4)]
  1807 | D:3      | Slain by azzazzello's ghost

Vault maps used:
D:1:      eino_arrival_water_cross
D:2:      nicolae_qazlal_style_of_elements
D:3:      doesnt_xom_only_xom, old_standard_altar,
          nicolae_gozag_zags_fifth_avenue

Skill      XL: |  1  2  3 |
---------------+----------+-----
Invocations    | 1 |  1.0
Fighting       | |  6.5
Short Blades   | |  0.9
Long Blades    | |  0.9
Axes           | |  2.6
Maces & Flails | |  4.5
Polearms       | |  0.9
Staves         | |  0.9
Slings         | |  0.9
Bows           | |  0.9
Crossbows      | |  0.9
Throwing       | |  2.6
Armour         | |  4.5
Dodging        | |  0.9
Stealth        | |  0.9
Shields        | |  2.6
Unarmed Combat | |  0.9
Spellcasting   | |  0.9
Conjurations   | |  0.6
Hexes          | |  0.6
Charms         | |  0.6
Summonings     | |  0.6
Necromancy     | |  0.6
Translocations | |  0.6
Transmutations | |  0.6
Fire Magic     | |  0.6
Ice Magic      | |  0.6
Air Magic      | |  0.6
Earth Magic    | |  0.6
Poison Magic   | |  0.6
Evocations     | |  0.9

Action                   || total
-------------------------++-------
Melee: Mace              ||   117
       Bite              ||     7
  Use: Scroll            ||     5
       Potion            ||     9
 Stab: Sleeping          ||     4
  Eat: Chunk             ||     2
       Ration            ||     1
Armor: Robe              ||     5
       Leather armour    ||     6
       Skin              ||    58
       Ring mail         ||    18
Dodge: Dodged            ||    74

Table legend:
 A = Spawn XP
 B = Non-spawn XP
 C = Spawn XP percentage of total XP
 D = Spawn monster count
 E = Non-spawn monster count
 F = Spawn count percentage of total count
 G = Total turns spent on level
                    A         B        C        D         E        F      G
               +---------+---------+-------+---------+---------+-------+---------
         Total |       0 |      68 |   0.0 |       0 |      36 |   0.0 |  1807
               +---------+---------+-------+---------+---------+-------+---------
           D:1 |       0 |      32 |   0.0 |       0 |      21 |   0.0 |   895
           D:2 |       0 |      34 |   0.0 |       0 |      14 |   0.0 |   844
           D:3 |       0 |       2 |   0.0 |       0 |       1 |   0.0 |    68
               +---------+---------+-------+---------+---------+-------+---------
